 Dungeon Crawl Stone Soup version 0.31-a0-221-gbddc013574 (webtiles) character file.

Game seed: 750479372500548551

1 Jeffwins the Trooper (level 1, -1/16 HPs)
             Began as an Octopode Wanderer on July 4, 2023.
             Slain by a quokka (5 damage)
             ... on level 1 of the Dungeon.
             The game lasted 00:00:31 (43 turns).

Jeffwins the Trooper (Octopode Wanderer)              Turns: 43, Time: 00:00:32

Health: -1/16      AC:  1    Str: 12    XL:     1   Next: 20%
Magic:  2/2        EV: 12    Int: 13    God:
Gold:   7          SH:  0    Dex: 11    Spells: 1/2 levels left

rFire   . . .        a - +1 sling
rCold   . . .        (no shield)
rNeg    . . .        (helmet restricted)
rPois   .            (no amulet)
rElec   .            (no ring)
rCorr   .            (no ring)
SInv    .            (no ring)
Will    .....        (no ring)
Stlth   ++           (no ring)
HPRegen 0.22/turn    (no ring)
MPRegen 0.08/turn    (no ring)
                     (no ring)

%: no passive effects
@: no status effects
A: almost no armour, amphibious, 8 rings, camouflage 1, gelatinous body 1,
(nimble swimmer 1), tentacles
a: no special abilities


You were on level 1 of the Dungeon.
You visited 1 branch of the dungeon, and saw 1 of its levels.

You collected 7 gold pieces.


Innate Abilities, Weirdness & Mutations

You cannot wear most types of armour.
You are amphibious.
You can wear up to eight rings at the same time.
Your skin changes colour to match your surroundings (Stealth+).
Your rubbery body absorbs attacks. (AC +1, EV +1)
((You are camouflaged when in or above water. (Stealth+)))
You have tentacles for arms and can constrict up to eight enemies at once.


   Skills:
 + Level 3.0 Fighting
 * Level 0.4 Short Blades
 + Level 1.0 Ranged Weapons
 - Level 1.0 Throwing
 + Level 1.0 Dodging
 + Level 0.0 Stealth
 + Level 1.0 Spellcasting
 * Level 0.0 Hexes
 * Level 2.0 Ice Magic
 - Level 1.0 Invocations


You had one spell level left.
You knew the following spells:

 Your Spells              Type           Power      Damage    Failure   Level
z - Freeze                Ice            20%        1d4       12%         1

Your spell library contained the following spells:

 Spells                   Type           Power      Damage    Failure   Level
 Ensorcelled Hibernation  Hex/Ice        6%         N/A       28%         2
 Summon Ice Beast         Ice/Summ       3%         N/A       88%         4

Inventory:

Hand Weapons
 a - a +1 sling (weapon)
Scrolls
 b - a scroll of fear
 c - a scroll of identify {unknown}

Dungeon Overview and Level Annotations

Branches:
Dungeon (1/15)

Altars:

#~# #. #~# # ...# #.~~~~
.# ### ...## #.##~##.#
..# ...... ..P#~#P.#
####.# ...... ...P.P..#
#....##....# #.......#
#...†#.b...# #...<...#
#....#g(..# #.......##
#....@....#
#..P.P...###....#r......
..P#~#P.........#.......
#.##~##.####....##......
#.~~~~~.# #....# ......
#.##~##.# #....# ......
#.P#~#P.# #....# .....
#..P.P..# #....# ...(.
#.......# ######


You could see a quokka, a hobgoblin and a bat.


Message History

Found 4 atropa-tipped darts.
The hobgoblin shouts!
There is an open door here.
There are monsters nearby!
There are monsters nearby!
There are monsters nearby!
You shoot a sling bullet.
The sling bullet closely misses the quokka.
The sling bullet hits the bat.
The bat is moderately wounded.
The quokka bites you.
You shoot a sling bullet.
The sling bullet closely misses the quokka.
The bat hits you. The quokka bites you. The bat barely misses you.
The hobgoblin hits you.
You shoot a sling bullet.
The sling bullet completely misses the hobgoblin.
The bat closely misses you. The quokka bites you.
* * * LOW HITPOINT WARNING * * *
The quokka bites you.
* * * LOW HITPOINT WARNING * * *
The hobgoblin hits you.
* * * LOW HITPOINT WARNING * * *
You shoot a sling bullet.
The sling bullet completely misses the hobgoblin.
The bat hits you.
* * * LOW HITPOINT WARNING * * *
The bat hits you but does no damage. The quokka barely misses you.
The hobgoblin barely misses you. The quokka bites you.
You die...

Action                     || total
---------------------------++-------
   Fire: Sling             ||     8
 Armour: Skin              ||     3
  Dodge: Dodged            ||     5

Levels and vault maps discovered:
D:1:      eino_arrival_water_cross, layout_basic, serial_park_tiny_pond

Notes
Turn   | Place    | Note
-------+----------+-------------------------------------------
     0 | D:1      | Jeffwins the Octopode Wanderer began the quest for the Orb.
     0 | D:1      | Jeffwins set off with the following items: a +1 sling, a
                  | scroll of fear; and the following spell memorised: Freeze;
                  | and the following spells available to memorise: Ensorcelled
                  | Hibernation, Summon Ice Beast.
     0 | D:1      | Reached XP level 1. HP: 16/16 MP: 2/2
    43 | D:1      | Slain by a quokka

Vanquished Creatures
  A bat (D:1)
  A frilled lizard (D:1)
2 creatures vanquished.

Table legend: (Time is in decaauts)
 A = Elapsed time spent in this place.
 B = Non-inter-level travel time spent in this place.
 C = Inter-level travel time spent in this place.
 D = Time resting spent in this place.
 E = Time spent auto-exploring this place.
 F = Levels seen in this place.
 G = Mean time per level.
                   A        B        C        D        E       F      G
               +--------+--------+--------+--------+--------+-----+--------+
         Total |     45 |     45 |      0 |      0 |     33 |   1 |   45.0 |
       Dungeon |     45 |     45 |      0 |      0 |     33 |   1 |   45.0 |
               +--------+--------+--------+--------+--------+-----+--------+

Top non-repeatable levels by time:
     D:1: 45 daAuts

Table legend:
 A = Non-vault XP
 B = Vault XP
 C = Vault XP percentage of total XP
 D = Non-vault monster count
 E = Vault monster count
 F = Vault count percentage of total count
                 A         B        C        D         E       F
            +---------+---------+-------+---------+---------+-------
      Total |       2 |       0 |   0.0 |       2 |       0 |   0.0
            +---------+---------+-------+---------+---------+-------
        D:1 |       2 |       0 |   0.0 |       2 |       0 |   0.0
            +---------+---------+-------+---------+---------+-------
